 Dungeon Crawl Stone Soup version 0.21-a0-265-gb353147 (webtiles) character file.

217 Jail the Skirmisher (level 5, -1/55 HPs)
             Began as an Ogre Gladiator on Sept 11, 2017.
             Slain by an iguana (8 damage)
             ... on level 4 of the Dungeon.
             The game lasted 00:07:10 (2222 turns).

Jail the Skirmisher (Ogre Gladiator)                Turns: 2222, Time: 00:07:11

Health: -1/55      AC:  3    Str: 18    XL:     5   Next: 94%
Magic:  5/5        EV: 11    Int: 10    God:
Gold:   125        SH:  0    Dex: 10    Spells: 4/4 levels left

rFire    . . .     SeeInvis .   a - +0 flail
rCold    . . .     Gourm    .   (no shield)
rNeg     . . .     Faith    .   b - +0 robe
rPois    .         Spirit   .   c - +0 hat
rElec    .         Reflect  .   (no cloak)
rCorr    .         Harm     .   (gloves unavailable)
MR       .....                  (boots unavailable)
Stlth    +.........             (no amulet)
HPRegen  0.18/turn              e - ring of wizardry
MPRegen  0.09/turn              (no ring)

@: lethally poisoned (-1 -> -2)
A: unfitting armour, tough skin 1
a: no special abilities


You were on level 4 of the Dungeon.
You were not hungry.

You visited 1 branch of the dungeon, and saw 4 of its levels.

You collected 125 gold pieces.

Inventory:

Hand Weapons
 a - a +0 flail (weapon)
Missiles
 d - 3 throwing nets
 l - 41 stones (quivered)
Armour
 b - a +0 robe (worn)
 c - a +0 hat (worn)
Jewellery
 e - a ring of wizardry (left hand)
Scrolls
 g - 2 scrolls of identify
 h - 2 scrolls of fear
 i - 2 scrolls of teleportation {unknown}
 k - a scroll of enchant armour {unknown}
 n - a scroll of recharging {unknown}
 o - a scroll of immolation {unknown}
 p - a scroll of remove curse {unknown}
 r - a scroll of magic mapping {unknown}
Potions
 m - a potion of curing
 t - a potion of resistance {unknown}
Comestibles
 f - 2 bread rations
 j - a meat ration
 q - a royal jelly
 s - a chunk of flesh


   Skills:
 + Level 4.7 Fighting
 + Level 3.6 Maces & Flails
 + Level 3.3 Throwing
 + Level 3.6 Dodging


You had 4 spell levels left.
You didn't know any spells.

Dungeon Overview and Level Annotations

Branches:
Dungeon (4/15)
 Temple: D:4-7

Altars:
Qazlal

Shops:
D:4 :

Annotations:
D:3 Purgy


Innate Abilities, Weirdness & Mutations

You are too large for most types of armour.
You have tough skin. (AC +1)


Message History

You hit the iguana.
The iguana is lightly wounded.
The iguana closely misses you. The iguana bites you!
* * * LOW HITPOINT WARNING * * *
You hit the iguana.
The iguana is heavily wounded.
The iguana closely misses you.
You sock the iguana!
The iguana is almost dead.
You feel sick. The iguana misses you.
You barely miss the iguana.
The iguana is almost dead.
The iguana bites you but does no damage.
You hit the iguana but do no damage.
The iguana is almost dead.
The iguana barely misses you. The iguana closely misses you.
You closely miss the iguana.
The iguana is almost dead.
You feel sick. The iguana bites you!
You die...

.#........#.#
..........#.#
..........'.#. #
..........###. ..
.##†......###.### ..#
.##.............# ..>
.##.............# ∩.#.#
.##.............###......
.#########......@l..# ..
#......##.....#
.........#......# .....#
.........####.#.# .....#
.........# #.#.# .....#
.........# #.#.# .....#
.........# #.#.# .(...#
.........# #.#.# ######
.........# #.#..


You could see an iguana.

Vanquished Creatures
  A howler monkey (D:4)
  A hound (D:4)
  2 worker ants (D:4)
  4 adders (D:2)
  3 worms
  A dart slug (D:1)
  3 leopard geckos
  8 bats
  4 giant cockroaches
  3 goblins
  7 hobgoblins
  A quokka (D:4)
  A ball python (D:2)
  2 frilled lizards (D:2)
  6 kobolds
  7 rats
54 creatures vanquished.

Notes
Turn   | Place    | Note
-------+----------+-------------------------------------------
     0 | D:1      | Jail the Ogre Gladiator began the quest for the Orb.
     0 | D:1      | Reached XP level 1. HP: 22/22 MP: 1/1
    11 | D:1      | Reached skill level 3 in Fighting
    69 | D:1      | Reached XP level 2. HP: 29/31 MP: 2/2
   606 | D:2      | Reached XP level 3. HP: 37/37 MP: 3/3
  1199 | D:2      | Reached XP level 4. HP: 40/48 MP: 4/4
  1458 | D:2      | Reached skill level 4 in Fighting
  1635 | D:3      | Noticed Purgy
  1862 | D:4      | Reached XP level 5. HP: 35/54 MP: 5/5
  2115 | D:4      | Found a stormy altar of Qazlal.
  2197 | D:4      | Found Netu Ada's Book Shoppe.
  2222 | D:4      | Slain by an iguana

Vault maps used:
D:1:      dpeg_arrival_tiny_a, minivault_5
D:2:      first_bread
D:3:      nicolae_tso_swordbearing_angel, uniq_terence, uniq_robin, uniq_purgy,
          uniq_crazy_yiuf_cottage
D:4:      wad_river_or_something, nicolae_overflow_hidden_temple, serial_shops,
          nicolae_shop_stone, fedhas_altar_4

Skill      XL: |  1  2  3  4  5 |
---------------+----------------+-----
Fighting       | 3 4 |  4.7
Dodging        | 3 |  3.6
Maces & Flails | 3 |  3.6
Throwing       | 3 |  3.3

Action                   |  1- 3 |  4- 6 || total
-------------------------+-------+-------++-------
Melee: Flail             |    99 |    84 ||   183
Throw: Stone             |    30 |       ||    30
  Use: Potion            |     5 |       ||     5
       Scroll            |     1 |       ||     1
 Stab: Sleeping          |     1 |       ||     1
  Eat: Chunk             |       |     4 ||     4
Armor: Robe              |    35 |    30 ||    65
       Skin              |    12 |       ||    12
Dodge: Dodged            |    65 |    72 ||   137

Table legend:
 A = Spawn XP
 B = Non-spawn XP
 C = Spawn XP percentage of total XP
 D = Spawn monster count
 E = Non-spawn monster count
 F = Spawn count percentage of total count
 G = Total turns spent on level
                    A         B        C        D         E        F      G
               +---------+---------+-------+---------+---------+-------+---------
         Total |       0 |     311 |   0.0 |       0 |      54 |   0.0 |  2222
               +---------+---------+-------+---------+---------+-------+---------
           D:1 |       0 |      33 |   0.0 |       0 |      18 |   0.0 |   602
           D:2 |       0 |      97 |   0.0 |       0 |      27 |   0.0 |  1013
           D:3 |       0 |       4 |   0.0 |       0 |       2 |   0.0 |    43
           D:4 |       0 |     177 |   0.0 |       0 |       7 |   0.0 |   564
               +---------+---------+-------+---------+---------+-------+---------
